AoeStats
← MFL91

Arabia

509286943Analyzed
1v1 RM · 8d ago on Sep 26, 2026· 49m 8s· 2 players
Game mode
Random Map
Map size
Tiny (2 player)
Population
200
Speed
Normal
Resources
Standard
Victory
Conquest
Starting age
Dark Age
Ending age
Imperial Age
RankedLock teamsTeams togetherTeam positionsShared explorationLock speedFull tech treeHidden civsTurbo modeCheats
Victory
Defeat
🇨🇳 Danes · China
1351
+18
🇦🇪 Koreans · United Arab Emirates
1384
-18
GL.Lc
6:46 Loom
9:02 Feudal Age
11:40 Man-at-Arms
14:47 Horse Collar
15:37 Double-Bit Axe
23:00 Castle Age
21:43 Scale Mail Armor
24:10 Chain Mail Armor
25:22 Forging
29:12 Wheelbarrow
30:06 Gambesons
30:16 Town Watch
31:51 Hand Cart
31:42 Squires
39:03 Imperial Age
37:10 Bow Saw
37:13 Gold Mining
38:39 Iron Casting
38:20 Arson
39:58 Gold Shaft Mining
39:09 Elite Varangian Guard
39:59 Scale Barding Armor
40:27 Plate Mail Armor
41:59 Capped Ram
43:47 Stone Mining
44:00 Heavy Plow
45:13 Stone Shaft Mining
48:49 Scale Barding Armor
49:45 Blast Furnace
49:32 Bloodlines
50:01 Chain Barding Armor
MFL91
4:14 Loom
8:39 Feudal Age
19:20 Fletching
22:55 Double-Bit Axe
22:52 Horse Collar
27:59 Castle Age
39:50 Imperial Age
38:37 Bodkin Arrow
41:31 Chemistry
41:23 Bracer
43:09 Town Watch
Connection lost

Rejoining the realm…

Still unreachable

The connection could not be restored.

Session expired

The server has moved on; the page needs a fresh start.